 Dungeon Crawl Stone Soup version 0.32-a0-859-gb0a091d592 (webtiles) character file.

Game seed: 4836391043964567861

80 Ofeo the Shooter (level 4, 0/32 HPs)
             Began as a Coglin Hexslinger on Mar 27, 2024.
             Slain by an orc wizard
             ... wielding a +0 dagger
              (3 damage)
             ... on level 3 of the Dungeon.
             The game lasted 00:01:43 (1769 turns).

Ofeo the Shooter (Coglin Hexslinger)                Turns: 1769, Time: 00:01:43

Health: 0/32       AC:  2    Str:  8    XL:     4   Next: 39%
Magic:  5/5        EV: 11    Int: 13    God:
Gold:   184        SH:  0    Dex: 18    Spells: 5/5 levels left

rFire   . . .        a - +3 sling {Ishpreet}
rCold   . . .        j - +0 sling {Joji}
rNeg    . . .        c - +0 robe
rPois   .            (no helmet)
rElec   .            (no cloak)
rCorr   .            (no gloves)
SInv    .            (no boots)
Will    +....        (amulet unavailable)
Stlth   ++           (ring unavailable)
HPRegen 0.25/turn    (ring unavailable)
MPRegen 0.09/turn    (no gizmo)

%: no passive effects
@: mighty, enlightened, flying, invisible, revving
A: off-hand wielding, slow wielding, warmup strikes, no jewellery
a: Invent Gizmo


You were on level 3 of the Dungeon.
You visited 1 branch of the dungeon, and saw 3 of its levels.

You collected 184 gold pieces.

Inventory:

Hand Weapons
 a - a +3 sling (weapon) {Ishpreet}
 j - a +0 sling (offhand) {Joji}
Armour
 c - a +0 robe (worn)
Talismans
 k - a beast talisman
Scrolls
 b - a scroll of poison
 h - a scroll of summoning
 i - 3 scrolls of teleportation {unknown}
 m - a scroll of identify {unknown}
Potions
 e - 2 potions of enlightenment
 g - a potion of mutation {unknown}
 q - a potion of curing {@q1}
 I - a potion of invisibility


   Skills:
 - Level 1.5 Fighting
 + Level 3.3 Ranged Weapons
 - Level 2.0 Dodging
 - Level 1.2 Spellcasting
 - Level 2.8 Hexes
 - Level 1.2 Fire Magic


You had 5 spell levels left.
You didn't know any spells.
Your spell library contained the following spells:

 Spells                   Type           Power      Damage    Failure   Level
 Jinxbite                 Hex            16%        N/A       13%         2
 Sigil of Binding         Hex            8%         N/A       26%         3
 Apportation              Tloc           0%         N/A       28%         1
 Necrotise                Necr           0%         1d4       28%         1
 Sandblast                Erth           0%         2d4       28%         1
 Sting                    Conj/Alch      0%         1d3       28%         1
 Summon Small Mammal      Summ           0%         N/A       28%         1
 Inner Flame              Hex/Fire       6%         N/A       34%         3
 Stone Arrow              Conj/Erth      0%         3d7       63%         3
 Cause Fear               Hex            4%         N/A       65%         4
 Dimensional Bullseye     Hex/Tloc       2%         N/A       83%         4
 Brom's Barrelling Bould  Conj/Erth      0%         2d3       95%         4


Dungeon Overview and Level Annotations

Branches:
Dungeon (3/15)

Altars:

Shops:
D:2 (


Innate Abilities, Weirdness & Mutations

You can wield a second weapon in your off-hand.
It takes a long time for you to wield or remove held weapons.
Your first few attacks do less damage.
You cannot equip rings or amulets.


Message History

Something hits you. The orc closely misses you.
Something hits you but does no damage.
You take 3 damage, and have 10/32 hp.
It was a potion of might.
You feel very mighty all of a sudden. The orc hits you with a +0 hand axe.
* * * LOW HITPOINT WARNING * * *
Something hits you.
* * * LOW HITPOINT WARNING * * *
You take 4 damage, and have 6/32 hp.
It was a potion of enlightenment.
You feel very buoyant.
You fly up into the air.
e - 2 potions of enlightenment;
f - 2 viscous red potions You feel less confused.
The orc barely misses you. Something hits you.
* * * LOW HITPOINT WARNING * * *
You take 4 damage, and have 2/32 hp.
It was a potion of curing.
You feel better.
q - a potion of curing The orc completely misses you.
Something hits you.
* * * LOW HITPOINT WARNING * * *
You regained 6 hp, and now have 8/32 hp.
You shoot a sling bullet. x2; The orc barely misses you.
Something hits you.
* * * LOW HITPOINT WARNING * * *
You take 1 damage, and have 7/32 hp.
You shoot a sling bullet. x2; The orc closely misses you.
Something hits you.
* * * LOW HITPOINT WARNING * * *
You take 2 damage, and have 5/32 hp.
You shoot a sling bullet. x2; The orc closely misses you.
You hear some strange, mumbled words.
A puff of flame appears from out of thin air!
The puff of flame misses you. The orc closely misses you. Something hits you.
* * * LOW HITPOINT WARNING * * *
You take 3 damage, and have 2/32 hp.
It was a potion of invisibility.
You fade into invisibility!
I - a potion of invisibility The orc barely misses you.
Something hits you.
You die...

... ##...##.##.
...######
#........>..
........##
#.##.......# #..#
###.#.........
##.###...#...!.....
#..##.###....†....
##.....##.........
####.##..#@{.......
#....###.#!o)......
#
#..........#......#
##
##..#####..######.##
.#####...# ##... #
........## #####
#####...# # #...# #
#.#.#####


You could see an orc (unable to see you).

Vanquished Creatures
  3 adders
  A dart slug (D:2)
  A ribbon worm (D:2)
  4 orcs (D:3)
  4 endoplasms
  3 giant cockroaches (D:1)
  3 goblins
  4 hobgoblins
  2 jackals (D:2)
  A quokka (D:1)
  2 ball pythons (D:1)
  4 bats
  2 frilled lizards (D:1)
  5 kobolds
  4 rats
43 creatures vanquished.

Notes
Turn   | Place    | Note
-------+----------+-------------------------------------------
     0 | D:1      | Ofeo the Coglin Hexslinger began the quest for the Orb.
     0 | D:1      | Reached XP level 1. HP: 15/15 MP: 2/2
   178 | D:1      | Reached skill level 1 in Fire Magic
   210 | D:1      | Reached XP level 2. HP: 21/21 MP: 3/3
   256 | D:1      | Reached skill level 2 in Ranged Weapons
   916 | D:2      | Reached XP level 3. HP: 26/26 MP: 4/4
  1070 | D:2      | Found Ohinot's Antique Weapon Shoppe.
  1574 | D:3      | Reached XP level 4. HP: 31/32 MP: 5/5
  1580 | D:3      | Reached skill level 3 in Ranged Weapons
  1769 | D:3      | Slain by an orc wizard

Illustrated notes

Levels and vault maps discovered:
D:1:      lightli_arrival_lavapool, layout_loops_ring, kennysheep_nondescript
D:2:      layout_basic, serial_shops, nicolae_shop_waterfront,
          minmay_pentomino_pile
D:3:      cheibrodos_greedy_goblins, layout_rooms, small_statue_intersection

Skill      XL: |  1  2  3  4 |
---------------+-------------+-----
Fire Magic     | 1 |  1.2
Ranged Weapons | 2 3 |  3.3
Dodging        | 2 |  2.0
Fighting       | |  1.5
Spellcasting   | |  1.2
Hexes          | |  2.8

Action                     |  1- 3 |  4- 6 || total
---------------------------+-------+-------++-------
  Melee: Sling             |       |     8 ||     8
   Fire: Sling             |   144 |    54 ||   198
    Use: Scroll            |     4 |       ||     4
         Potion            |       |     4 ||     4
 Armour: Robe              |     6 |    21 ||    27
  Dodge: Dodged            |    12 |    15 ||    27

Table legend: (Time is in decaauts)
 A = Elapsed time spent in this place.
 B = Non-inter-level travel time spent in this place.
 C = Inter-level travel time spent in this place.
 D = Time resting spent in this place.
 E = Time spent auto-exploring this place.
 F = Levels seen in this place.
 G = Mean time per level.
                   A        B        C        D        E       F      G
               +--------+--------+--------+--------+--------+-----+--------+
         Total |   1800 |   1668 |    132 |      0 |   1452 |   3 |  600.0 |
       Dungeon |   1800 |   1668 |    132 |      0 |   1452 |   3 |  600.0 |
               +--------+--------+--------+--------+--------+-----+--------+

Top non-repeatable levels by time:
     D:1: 869 daAuts
     D:2: 725 daAuts
     D:3: 205 daAuts
